 Dungeon Crawl Stone Soup version 0.31.0-12-g77e489cdc1 (webtiles) character file.

Game seed: 9355923449161672370

280 Metae the Trooper (level 6, -5/55 HPs)
             Began as a Minotaur Fighter on Mar 4, 2024.
             Killed by divine providence
             ... invoked by an orc priest
              (16 damage)
             ... on level 3 of the Dungeon.
             The game lasted 00:05:16 (1945 turns).

Metae the Trooper (Minotaur Fighter)                Turns: 1945, Time: 00:05:17

Health: -5/55      AC: 13    Str: 22    XL:     6   Next: 5%
Magic:  5/5        EV:  8    Int:  5    God:
Gold:   117        SH:  4    Dex: 10    Spells: 5/5 levels left

rFire   . . .        a - +0 trident
rCold   . . .        c - +0 buckler
rNeg    . . .        n - +0 chain mail
rPois   .            (helmet restricted)
rElec   .            (no cloak)
rCorr   +            (no gloves)
SInv    .            (no boots)
Will    .....        (no amulet) Stlth
                     f - ring of resist corrosion
HPRegen 0.29/turn    b - +4 ring of protection
MPRegen 0.09/turn

%: no passive effects
@: no status effects
A: horns 2, retaliatory headbutt
a: no special abilities


You were on level 3 of the Dungeon.
You visited 1 branch of the dungeon, and saw 3 of its levels.

You collected 117 gold pieces.

Inventory:

Hand Weapons
 a - a +0 trident (weapon)
 j - a +0 sling
Missiles
 l - 5 poisoned darts (quivered)
 o - 8 boomerangs
 r - 5 stones
Armour
 c - a +0 buckler (worn)
 n - a +0 chain mail (worn)
Jewellery
 b - a +4 ring of protection (right hand)
 f - a ring of resist corrosion (left hand)
 u - a ring of protection from fire
Wands
 s - a wand of paralysis (13)
Scrolls
 e - 2 scrolls of identify {unknown}
 h - a scroll of vulnerability {unknown}
 i - 3 scrolls of enchant armour {unknown}
 k - a scroll of immolation {unknown}
 m - a scroll of blinking {unknown}
 v - a scroll of teleportation {unknown}
Potions
 d - 2 potions of might
 g - 3 potions of curing {unknown}
 p - a potion of magic {unknown}
 q - 2 potions of mutation {unknown}
 t - a potion of invisibility {unknown}


   Skills:
 + Level 4.9 Fighting
 + Level 4.0 Polearms
 + Level 4.8 Armour
 + Level 2.6 Dodging
 + Level 4.8 Shields


You had 5 spell levels left.
You didn't know any spells.
Your spell library contained the following spells:

 Spells                   Type           Power      Damage    Failure   Level
 Sting                    Conj/Alch      0%         1d3       98%         1
 Mercury Vapours          Alch/Air       0%         N/A       99%         2
 Static Discharge         Conj/Air       0%         3-3/arc   99%         2
 Airstrike                Air            0%         2d(0-16)  100%        4
 Olgreb's Toxic Radiance  Alch           0%         N/A       100%        4
 Summon Lightning Spire   Summ/Air       0%         N/A       100%        4


Dungeon Overview and Level Annotations

Branches:
Dungeon (3/15)

Altars:

Annotations:
D:3 1 runed translucent door, Frank's ghost, weakling DsFi


Innate Abilities, Weirdness & Mutations

You have a pair of horns on your head.
You reflexively headbutt those who attack you in melee.


Message History

You closely miss the orc wizard. Your headbutt misses the orc wizard.
The orc wizard is heavily wounded.
The orc barely misses you. You furiously retaliate!
You headbutt the orc!
You kill the orc!
The orc wizard barely misses you. You furiously retaliate!
You headbutt the orc wizard!
You kill the orc wizard!
The orc priest looks satisfied for a moment.
You have reached level 6!
You hit the orc priest. You headbutt the orc priest.
The orc priest is moderately wounded.
The orc hits you but does no damage. The orc priest barely misses you.
You hit the orc priest but do no damage.
The orc priest is moderately wounded.
The orc barely misses you.
The orc priest mumbles some strange prayers to Beogh against you.
Pain shoots through your body!
You hit the orc priest.
You headbutt the orc priest, but do no damage.
The orc priest is heavily wounded.
The orc barely misses you.
The orc priest calls down the wrath of Beogh upon you.
Beogh smites you!
You closely miss the orc priest. Your headbutt misses the orc priest.
The orc priest is heavily wounded.
The orc hits you but does no damage.
The orc priest hits you with a +0 club. x2
You block the orc's attack.
You barely miss the orc priest.
The orc priest is moderately wounded.
The orc completely misses you. You furiously retaliate!
You headbutt the orc, but do no damage.
The orc priest mumbles some strange prayers to Beogh against you.
Beogh smites you!
* * * LOW HITPOINT WARNING * * *
You closely miss the orc priest.
The orc priest is moderately wounded.
You block the orc's attack.
The orc priest calls down the wrath of Beogh upon you.
Beogh smites you!
You die...

############
##....[#.....
##............
#########......)......
#....)........@)......
###...........oo......
##..................
##......>..........
#................. # .
#....#............ #.
##...##..........! .
###.........#.#####
##..).#####.##


You could see an orc priest and an orc.

Vanquished Creatures
  2 orc priests (D:3)
  3 orc wizards (D:3)
  5 adders
  A ribbon worm (D:2)
  3 dart slugs
  13 orcs (D:3)
  6 endoplasms
  2 giant cockroaches
  2 goblins (D:2)
  10 hobgoblins
  4 jackals (D:3)
  3 quokkas
  7 ball pythons
  6 bats
  3 frilled lizards
  8 kobolds
  3 rats
81 creatures vanquished.

Notes
Turn   | Place    | Note
-------+----------+-------------------------------------------
     0 | D:1      | Metae the Minotaur Fighter began the quest for the Orb.
     0 | D:1      | Reached XP level 1. HP: 19/19 MP: 0/0
    93 | D:1      | Reached XP level 2. HP: 25/27 MP: 1/1
   350 | D:1      | Reached skill level 1 in Dodging
   531 | D:1      | Reached XP level 3. HP: 33/33 MP: 2/2
  1231 | D:2      | Reached XP level 4. HP: 33/40 MP: 3/3
  1621 | D:3      | Reached XP level 5. HP: 39/45 MP: 4/4
  1628 | D:3      | Found a runed translucent door.
  1628 | D:3      | Noticed Frank's ghost (weakling DsFi)
  1940 | D:3      | Reached XP level 6. HP: 55/55 MP: 5/5
  1945 | D:3      | Killed from afar by an orc priest

Illustrated notes

Levels and vault maps discovered:
D:1:      psy_arrival_spokes, layout_basic, st_stairs_1
D:2:      layout_rooms, minmay_quadrilaterals
D:3:      layout_rooms, hellmonk_ghost_happy_afterlife, kennysheep_nub,
          glass_columns_b

Skill      XL: |  1  2  3  4  5 |
---------------+----------------+-----
Dodging        | 1 2 |  2.6
Armour         | 4 |  4.8
Fighting       | 4 |  4.9
Polearms       | 3 4 |  4.0
Shields        | 4 |  4.8

Action                     |  1- 3 |  4- 6 || total
---------------------------+-------+-------++-------
  Melee: Trident           |   107 |   132 ||   239
         Headbutt          |    10 |    20 ||    30
  Throw: Dart              |       |     4 ||     4
 Armour: Scale mail        |    31 |       ||    31
         Chain mail        |    36 |   109 ||   145
  Dodge: Dodged            |    43 |    53 ||    96
  Block: Buckler           |    20 |    34 ||    54
